 Dungeon Crawl Stone Soup version 0.30.0-5-g1a98f26d00 (webtiles) character file.

Game seed: 13428686544615083601

60 javelincjr the Firebug (level 3, -1/25 HPs)
             Began as a Demonspawn Fire Elementalist on May 12, 2023.
             Slain by Natasha (3 damage)
             ... on level 2 of the Dungeon.
             The game lasted 00:06:19 (1610 turns).

javelincjr the Firebug (DsFE)                       Turns: 1610, Time: 00:06:20

Health: -1/25      AC:  3    Str: 10    XL:     3   Next: 82%
Magic:  5/15       EV: 12    Int: 16    God:
Gold:   86         SH:  0    Dex: 13    Spells: 3/6 levels left

rFire   . . .        (no weapon)
rCold   . . .        (no shield)
rNeg    . . .        a - +0 robe
rPois   .            (no helmet)
rElec   .            (no cloak)
rCorr   .            (no gloves)
SInv    .            (no boots)
Will    .....        (no amulet)
Stlth   ++           c - ring of magical power
HPRegen 0.24/turn    (no ring)
MPRegen 0.14/turn

%: no passive effects
@: very slightly contaminated
A: rugged brown scales 1
a: no special abilities


You were on level 2 of the Dungeon.
You visited 1 branch of the dungeon, and saw 2 of its levels.

You collected 119 gold pieces.
You spent 33 gold pieces at shops.

Inventory:

Armour
 a - a +0 robe (worn)
Jewellery
 c - a ring of magical power (left hand)
Scrolls
 d - 2 scrolls of blinking {unknown}
 e - a scroll of identify {unknown}
 f - a scroll of enchant weapon {unknown}
 j - 2 scrolls of teleportation {unknown}
Potions
 b - a potion of magic
 g - a potion of degeneration {unknown}
 h - a potion of curing
 i - a potion of might {unknown}
 k - a potion of berserk rage {unknown}


   Skills:
 * Level 0.8 Fighting
 + Level 2.2 Dodging
 - Level 2.2 Stealth
 + Level 2.4 Spellcasting
 + Level 1.8 Conjurations
 + Level 3.1 Fire Magic


You had 3 spell levels left.
You knew the following spells:

 Your Spells              Type           Power      Damage    Failure   Level
a - Foxfire               Conj/Fire      36%        2x1d5     8%          1
b - Scorch                Fire           22%        2d6       9%          2

Your spell library contained the following spells:

 Spells                   Type           Power      Damage    Failure   Level
 Inner Flame              Hex/Fire       6%         N/A       32%         3
 Volatile Blastmotes      Fire/Tloc      12%        2d11      32%         3
 Summon Guardian Golem    Hex/Summ       1%         N/A       52%         3
 Flame Wave               Conj/Fire      9%         2d6       58%         4
 Orb of Destruction       Conj           3%         9d5       100%        7
 Spellforged Servitor     Conj/Summ      2%         N/A       100%        7


Dungeon Overview and Level Annotations

Branches:
Dungeon (2/15)

Altars:

Shops:
D:1 !

Annotations:
D:2 Natasha


Innate Abilities, Weirdness & Mutations

You are partially covered in rugged brown scales. (AC +1, +3% HP)


Message History

Natasha stares at you and mumbles some strange words.
The magic dart hits you.
You hit Natasha but do no damage.
Natasha is heavily wounded.
The foxfire hits Natasha.
Natasha is heavily wounded.
Natasha closely misses you.
You conjure some foxfire!
Natasha claws you.
You are too injured to fight recklessly!
You hit Natasha.
Natasha is severely wounded.
The foxfire hits Natasha.
Natasha is severely wounded.
Natasha mumbles some strange words.
Casting: Foxfire (safe; 8% risk of failure)
Confirm with . or Enter, or press ? or * to list all spells.
You miscast Scorch.
You are very lightly contaminated with residual magic.
Nothing appears to happen.
Natasha claws you!
* * * LOW HITPOINT WARNING * * *
The cerulean imp hits you with a +0 spear.
* * * LOW HITPOINT WARNING * * *
Casting: Scorch (safe; 9% risk of failure)
Confirm with . or Enter, or press ? or * to list all spells.
Flames lash the cerulean imp.
The cerulean imp is moderately wounded.
The cerulean imp's fire resistance burns away.
Natasha wildly gestures.
Natasha's front paws start to glow.
Natasha casts a spell at you. You resist with significant effort.
The cerulean imp hits you with a +0 spear.
* * * LOW HITPOINT WARNING * * *
Casting: Scorch (safe; 9% risk of failure)
Confirm with . or Enter, or press ? or * to list all spells.
Flames lash the cerulean imp.
The cerulean imp is burned terribly!
You kill the cerulean imp!
The cerulean imp disappears in a puff of smoke!
Natasha claws you.
You die...

#.# ##.#..#####
#.####.#####.#.......
#............#..#####
######.########.#
#####.# #.# #.....#
#.# #.###.# #.# ###.#
######.# #@ยง.#
#......# #h###
#.###### #.# #.# #.#
#.# #.# #.### #.#
#...# #.# ###.# #.#
#.# #.########


You could see Natasha.

Vanquished Creatures
  Terence (D:2)
  3 bats (D:1)
  An endoplasm (D:1)
  3 giant cockroaches (D:1)
  5 goblins (D:1)
  5 hobgoblins (D:1)
  3 kobolds
  5 ball pythons (D:1)
  A frilled lizard (D:2)
  3 rats
30 creatures vanquished.

Vanquished Creatures (others)
  111 foxfires
111 creatures vanquished.

Grand Total: 141 creatures vanquished

Notes
Turn   | Place    | Note
-------+----------+-------------------------------------------
     0 | D:1      | javelincjr the Demonspawn Fire Elementalist began the quest
                  | for the Orb.
     0 | D:1      | Reached XP level 1. HP: 13/13 MP: 3/3
   286 | D:1      | Gained mutation: You are partially covered in rugged brown
                  | scales. (AC +1, +3% HP) [demonic ancestry]
   286 | D:1      | Reached XP level 2. HP: 13/19 MP: 5/5
   717 | D:1      | Found Ostrod's Distillery.
   756 | D:1      | Bought a potion of curing for 33 gold pieces
   894 | D:1      | Reached skill level 3 in Fire Magic
   894 | D:1      | Reached XP level 3. HP: 24/24 MP: 6/6
  1415 | D:2      | Noticed Terence
  1420 | D:2      | Learned a level 2 spell: Scorch
  1433 | D:2      | Killed Terence
  1596 | D:2      | Noticed Natasha
  1610 | D:2      | Slain by Natasha

Illustrated notes

Levels and vault maps discovered:
D:1:      dpeg_arrival_short_road, layout_basic, serial_shops,
          nicolae_shop_competitors_out_of_business
D:2:      layout_loops_ring, uniq_terence, uniq_natasha

Skill      XL: |  1  2 |
---------------+-------+-----
Stealth        | 2 |  2.2
Dodging        | 2 |  2.2
Fire Magic     | 3 |  3.1
Fighting       | |  0.8
Spellcasting   | |  2.4
Conjurations   | |  1.8

Action                     || total
---------------------------++-------
  Melee: Unarmed           ||    28
   Cast: Foxfire           ||    66
         Scorch            ||     2
 Armour: Robe              ||    15
  Dodge: Dodged            ||    23
